Map: Orbital Depot

Players

Fenix - Winner!

  • Race: Protoss Protoss
  • Spawn Location: 7:00

Crimzon - Winner!

  • Race: Terran Terran
  • Spawn Location: 9:00

purpletaco - Winner!

  • Race: Protoss Protoss
  • League: Gold
  • Spawn Location: 9:00

IUnknown

  • Race: Protoss Protoss
  • Spawn Location: 1:00

Metasapien

  • Race: Zerg Zerg
  • League: Platinum
  • Spawn Location: 3:00

Swordecho

  • Race: Protoss Protoss
  • Spawn Location: 3:00

VOD

Have the link to the VOD?

Description

Time

  • Played on: Sept. 18, 2017, 6:30 p.m.
  • Length: 19:24
Show
View Real Time Build Order
Export as new Build Order

Fenix Protoss - Winner!

Build Orders:  

Get SALT Encoding   

  12  0:05  Probe (Chrono Boost)  
  13  0:16  Probe (Chrono Boost)  
  14  0:24  Pylon  
  14  0:26  Probe (Chrono Boost)  
  14  0:28  Assimilator  
  16  0:42  Probe (Chrono Boost)  
  16  0:46  Forge  
  16  0:52  Pylon  
  16  0:59  Gateway  
  16  1:03  Probe (Chrono Boost)  
  17  1:09  Assimilator  
  17  1:13  Probe (Chrono Boost)  
  18  1:24  Probe (Chrono Boost)  
  19  1:26  Photon Cannon  
  19  1:29  Photon Cannon  
  19  1:43  Pylon  
  19  1:56  Cybernetics Core  
  19  2:02  Pylon  
  19  2:30  Photon Cannon  
  19  2:34  Photon Cannon  
  19  2:38  Stargate  
  19  2:42  Stargate  
  19  2:44  Warp Gate (Chrono Boost)  
  19  2:53  Twilight Council  
  19  3:00  Photon Cannon  
  19  3:03  Photon Cannon  
  19  3:19  Pylon  
  19  3:25  Void Ray  
  23  3:37  Void Ray  
  27  4:10  Pylon  
  27  4:19  Void Ray  
  31  4:34  Void Ray  
  35  5:12  Photon Cannon  
  35  5:19  Void Ray  
  39  5:28  Void Ray  
  39  6:17  Void Ray (Chrono Boost)  
  43  7:39  Nexus  
  43  7:40  Pylon  
  43  7:43  Pylon  
  43  7:48  Void Ray (Chrono Boost)  
  43  7:54  Void Ray (Chrono Boost)  
  43  8:38  Photon Cannon  
  43  8:39  Photon Cannon  
  43  8:41  Void Ray (Chrono Boost), Photon Cannon  
  51  8:43  Photon Cannon  
  51  8:44  Void Ray (Chrono Boost)  
  51  8:52  Probe  
  52  9:04  Probe  
  53  9:16  Probe  
  54  9:28  Probe  
  39  9:48  Assimilator  
  39  9:52  Assimilator  
  39  10:30  Void Ray x2 (Chrono Boost)  
  47  11:26  Void Ray x2 (Chrono Boost)  
  55  11:37  Photon Cannon  
  55  11:40  Photon Cannon  
  55  11:42  Stargate x2  
  55  12:17  Void Ray x2 (Chrono Boost)  
  47  13:05  Void Ray x2 (Chrono Boost)  
  39  13:55  Void Ray x2 (Chrono Boost)  
  47  14:02  Probe  
  48  14:14  Probe  
  53  14:26  Probe  
  53  14:27  Void Ray (Chrono Boost)  
  55  14:38  Probe  
  59  14:46  Void Ray (Chrono Boost)  
  59  14:50  Probe  
  60  15:09  Void Ray (Chrono Boost)  
  68  15:14  Void Ray (Chrono Boost)  
  72  15:39  Void Ray (Chrono Boost)  
  60  17:10  Void Ray (Chrono Boost)  
  60  18:02  Void Ray x2 (Chrono Boost)  
  68  18:45  Void Ray x2 (Chrono Boost)  
Show
View Real Time Build Order
Export as new Build Order

Crimzon Terran - Winner!

Build Orders:  

Get SALT Encoding   

  12  0:03  SCV  
  13  0:16  SCV  
  14  0:30  Supply Depot  
  14  0:50  SCV  
  14  0:55  Barracks  
  15  1:00  Barracks  
  15  1:17  SCV  
  16  1:21  Refinery  
  16  1:24  Refinery  
  16  1:29  SCV  
  17  1:41  SCV  
  17  1:44  Supply Depot  
  18  1:50  Supply Depot  
  18  1:54  SCV, Marine x2  
  21  2:10  Bunker, SCV  
  22  2:22  SCV  
  23  2:25  Supply Depot  
  23  2:31  Marine x2  
  23  2:34  SCV  
  26  2:46  SCV  
  27  2:58  Bunker, SCV  
  27  3:00  Marine x2  
  30  3:10  SCV  
  31  3:15  Factory  
  31  3:24  Marine x2  
  28  4:17  Engineering Bay  
  28  4:26  SCV  
  28  4:28  Factory Tech Lab  
  29  4:38  SCV  
  29  4:41  Marine  
  29  4:42  Marine  
  32  4:53  Orbital Command  
  32  4:59  Marine x2  
  27  5:17  Marine x2  
  27  5:20  Missile Turret, SCV  
  30  5:33  SCV  
  30  5:35  Marine  
  32  5:40  Missile Turret  
  32  5:45  SCV  
  31  5:57  SCV  
  31  6:09  SCV  
  32  6:16  Missile Turret  
  32  6:21  SCV  
  32  6:22  Siege Tank  
  36  6:30  Starport  
  36  6:32  Starport  
  36  6:33  SCV  
  37  6:45  SCV  
  38  6:57  SCV  
  39  7:14  Starport Reactor x2  
  39  7:43  Missile Turret  
  39  7:53  Viking x4  
  47  8:34  Supply Depot  
  47  8:39  Supply Depot  
  47  8:55  Viking x4  
  51  9:12  Liberator x2  
  44  9:30  Viking  
  44  9:31  Viking  
  54  10:00  Viking  
  54  10:05  Viking  
  54  11:13  Command Center  
  54  11:53  Orbital Command  
  51  12:36  Starport Reactor  
  51  12:42  Starport Reactor  
  35  13:35  Engineering Bay  
  35  13:56  Supply Depot  
  35  13:58  Supply Depot x2  
  32  14:31  Factory Tech Lab  
  11  18:22  Refinery  
  11  18:25  Refinery  
  11  18:28  Starport Tech Lab  
  11  18:30  Starport Tech Lab  
  11  18:35  Factory Tech Lab  
  11  18:38  Supply Depot  
  11  18:41  SCV  
  12  18:53  SCV  
  13  19:01  Supply Depot  
  13  19:05  SCV  
  14  19:24  Supply Depot  
Show
View Real Time Build Order
Export as new Build Order

purpletaco Protoss - Winner!

Build Orders:  

Get SALT Encoding   

  12  0:01  Probe (Chrono Boost)  
  13  0:11  Probe (Chrono Boost)  
  14  0:20  Pylon  
  14  0:25  Assimilator  
  14  0:29  Probe (Chrono Boost)  
  15  0:39  Probe (Chrono Boost)  
  16  0:45  Gateway  
  17  0:50  Probe (Chrono Boost)  
  17  0:59  Assimilator  
  17  1:00  Probe (Chrono Boost)  
  18  1:11  Probe (Chrono Boost)  
  19  1:23  Probe (Chrono Boost)  
  20  1:33  Cybernetics Core  
  20  1:34  Probe (Chrono Boost)  
  20  1:37  Pylon  
  21  1:42  Pylon  
  21  1:44  Probe (Chrono Boost)  
  22  1:55  Probe (Chrono Boost)  
  23  2:04  Pylon  
  23  2:19  Stargate  
  23  2:24  Stargate  
  23  2:30  Forge  
  23  3:04  Void Ray (Chrono Boost)  
  31  3:13  Void Ray (Chrono Boost)  
  31  3:15  Photon Cannon  
  31  3:32  Photon Cannon  
  20  3:49  Probe  
  21  4:01  Probe  
  26  4:03  Void Ray (Chrono Boost)  
  26  4:13  Probe  
  27  4:21  Void Ray (Chrono Boost)  
  31  4:26  Probe  
  36  5:00  Void Ray (Chrono Boost)  
  40  5:21  Void Ray (Chrono Boost)  
  44  5:52  Probe  
  44  5:54  Void Ray (Chrono Boost)  
  45  6:04  Probe  
  46  6:18  Probe  
  47  7:13  Pylon  
  47  7:19  Pylon  
  47  7:31  Probe  
  47  7:32  Void Ray (Chrono Boost)  
  56  7:43  Void Ray (Chrono Boost), Probe  
  57  7:55  Probe  
  46  8:25  Void Ray (Chrono Boost)  
  54  8:31  Void Ray (Chrono Boost)  
  54  8:32  Stargate  
  54  8:40  Pylon  
  54  9:03  Nexus  
  58  9:27  Void Ray (Chrono Boost)  
  58  9:31  Probe  
  59  9:43  Probe  
  60  9:55  Probe  
  49  10:55  Pylon  
  48  10:57  Pylon  
  48  10:59  Pylon  
  32  11:50  Gateway  
  32  11:52  Assimilator  
  32  12:20  Forge  
  32  12:22  Probe  
  32  12:25  Assimilator  
  33  12:32  Probe  
  34  12:53  Probe  
  34  12:56  Cybernetics Core  
  35  13:04  Probe  
  36  13:25  Probe  
  36  13:31  Nexus  
  37  13:36  Probe  
  38  13:46  Probe, Pylon  
  39  13:51  Stargate  
  39  13:52  Stargate  
  39  13:54  Stargate  
  39  13:57  Stargate  
  39  14:01  Pylon  
  39  14:03  Probe  
  39  14:06  Pylon  
  39  14:09  Pylon  
  56  14:53  Void Ray x4 (Chrono Boost)  
  52  15:36  Void Ray x3 (Chrono Boost)  
  52  15:38  Photon Cannon  
  52  15:41  Photon Cannon  
  56  15:45  Void Ray (Chrono Boost)  
  60  16:19  Void Ray (Chrono Boost)  
  64  17:03  Void Ray (Chrono Boost)  
  68  17:49  Void Ray x3 (Chrono Boost)  
  68  17:53  Void Ray (Chrono Boost)  
  68  18:10  Pylon  
  68  18:13  Pylon  
  68  18:16  Photon Cannon  
  68  18:20  Pylon  
  80  18:34  Void Ray x2 (Chrono Boost)  
  80  18:38  Void Ray (Chrono Boost)  
Show
View Real Time Build Order
Export as new Build Order

IUnknown Protoss 

Build Orders: Oracle Opening 

Get SALT Encoding   

  12  0:08  Pylon  
  12  0:21  Assimilator  
  12  0:28  Gateway  
  12  0:33  Probe (Chrono Boost), Assimilator  
  13  0:44  Probe (Chrono Boost)  
  14  0:55  Probe (Chrono Boost)  
  15  1:07  Probe (Chrono Boost)  
  16  1:15  Cybernetics Core  
  16  1:17  Probe (Chrono Boost)  
  17  1:21  Pylon  
  17  1:28  Probe (Chrono Boost)  
  17  1:29  Forge  
  18  1:39  Probe (Chrono Boost)  
  19  1:49  Probe (Chrono Boost)  
  19  1:52  Stargate  
  20  1:55  Stargate  
  20  2:00  Probe (Chrono Boost)  
  21  2:08  Photon Cannon  
  21  2:34  Photon Cannon  
  24  2:39  Oracle (Chrono Boost)  
  24  2:45  Oracle (Chrono Boost)  
  27  3:19  Oracle (Chrono Boost)  
  29  4:11  Phoenix x2 (Chrono Boost)  
  29  4:13  Protoss Air Weapons Level 1 (Chrono Boost)  
  31  4:54  Nexus  
  31  5:25  Assimilator  
  31  5:27  Pylon  
  31  5:30  Pylon  
  31  5:32  Pylon  
  31  5:37  Stargate  
  31  5:41  Stargate  
  31  5:45  Probe, Phoenix x2  
  36  5:57  Probe  
  37  6:09  Probe  
  38  6:13  Phoenix  
  40  6:21  Probe, Photon Cannon  
  40  6:22  Probe  
  40  6:23  Photon Cannon  
  42  6:26  Photon Cannon  
  42  6:28  Photon Cannon, Phoenix  
  42  6:32  Probe  
  44  6:33  Probe  
  46  6:43  Probe  
  47  6:53  Probe  
  48  7:03  Assimilator  
  48  7:04  Probe  
  48  7:08  Fleet Beacon, Photon Cannon  
  49  7:14  Probe  
  49  7:19  Protoss Air Armor Level 1 (Chrono Boost)  
  50  7:25  Probe  
  51  7:35  Probe  
  51  7:38  Phoenix  
  51  7:42  Nexus  
  52  7:46  Probe  
  52  7:51  Pylon  
  53  7:56  Probe  
  51  8:07  Probe  
  29  8:33  Void Ray  
  24  8:36  Void Ray  
  24  8:37  Void Ray x2  
  11  15:38  Nexus  
  10  18:07  Probe  
  11  18:18  Probe  
  12  18:26  Pylon  
  12  18:28  Probe  
  13  18:39  Probe  
  22  18:49  Probe  
  23  18:56  Pylon  
Show
View Real Time Build Order
Export as new Build Order

Metasapien Zerg 

Build Orders: Pool First 

Get SALT Encoding   

  12  0:20  Spawning Pool  
  11  0:29  Drone  
  11  0:30  Drone  
  13  0:42  Overlord  
  13  0:44  Drone  
  13  0:46  Extractor  
  13  0:58  Drone  
  13  1:02  Drone  
  15  1:15  Drone  
  16  1:24  Drone  
  17  1:36  Drone  
  18  1:44  Hatchery  
  18  1:46  Drone  
  18  1:51  Metabolic Boost  
  18  1:56  Zergling x2  
  19  2:08  Drone  
  20  2:20  Overlord  
  20  2:27  Hatchery  
  19  2:39  Drone  
  19  2:42  Drone  
  21  2:46  Queen  
  23  2:57  Drone  
  24  2:58  Queen  
  26  3:09  Extractor  
  25  3:14  Roach Warren  
  25  3:15  Zergling x2  
  25  3:18  Drone  
  26  3:22  Drone  
  26  3:24  Drone  
  28  3:30  Spore Crawler  
  28  3:32  Drone  
  28  3:41  Drone  
  28  3:46  Drone x2  
  31  3:50  Drone x2  
  31  3:52  Drone  
  34  3:55  Drone  
  35  4:08  Roach x3  
  41  4:11  Overlord  
  41  4:14  Drone  
  43  4:31  Drone x4  
  43  4:33  Drone x2  
  43  4:34  Queen  
  50  4:44  Overlord x2  
  50  4:52  Lair  
  50  4:56  Spore Crawler  
  50  4:57  Spore Crawler  
  48  5:00  Spore Crawler  
  48  5:01  Spore Crawler  
  48  5:04  Drone x3  
  48  5:05  Drone  
  50  5:09  Drone x2  
  52  5:25  Drone x2  
  54  5:28  Extractor  
  54  5:30  Spore Crawler  
  54  5:31  Drone x3  
  54  5:33  Drone x2  
  54  5:35  Roach x2  
  61  5:40  Drone x3  
  61  5:41  Evolution Chamber  
  63  5:50  Spore Crawler  
  63  5:51  Drone x4  
  66  5:57  Overlord  
  66  5:58  Overlord  
  66  6:08  Zerg Ground Armor Level 1  
  66  6:09  Glial Reconstitution  
  66  6:10  Hydralisk Den  
  65  6:19  Drone  
  65  6:20  Drone x2  
  65  6:21  Roach x5  
  78  6:26  Ravager x3  
  78  6:29  Spore Crawler  
  80  6:36  Spore Crawler  
  77  6:40  Spine Crawler  
  69  6:52  Drone, Hydralisk x2  
  69  6:53  Hydralisk x2  
  71  6:57  Overlord x2  
  73  7:15  Queen x2  
  77  7:22  Drone x2, Hydralisk  
  79  7:23  Extractor, Hydralisk x2  
  84  7:31  Muscular Augments  
  78  8:02  Hydralisk  
  78  8:03  Hydralisk x2  
  84  8:06  Overlord x4  
  84  8:17  Overlord  
  85  8:27  Drone x3, Spore Crawler, Hydralisk  
  85  8:28  Spore Crawler, Hydralisk x2  
  85  8:29  Spore Crawler  
  90  8:53  Hydralisk x5  
  98  9:05  Roach  
  88  9:36  Hydralisk  
  88  9:37  Queen x2  
  92  9:38  Hydralisk x2  
  92  9:39  Roach, Hydralisk  
  92  9:40  Roach  
  102  9:58  Hatchery  
  95  10:42  Roach, Hydralisk x2  
  101  10:43  Overlord, Roach x2  
  105  11:14  Hydralisk  
  105  11:15  Hydralisk x4  
  105  11:16  Overlord  
  113  11:23  Zerg Ground Armor Level 2  
  113  11:26  Hydralisk x2  
  117  11:39  Queen  
  116  11:40  Drone x3  
  116  11:49  Roach x4  
  124  12:07  Overlord  
  124  12:08  Overlord x3  
  124  12:11  Queen x2  
  126  12:18  Roach x2  
  126  12:19  Ravager, Roach  
  126  12:20  Ravager  
  89  13:09  Roach x2  
  89  13:10  Roach x2  
  89  13:11  Extractor  
  74  13:32  Hydralisk Den  
  73  13:35  Drone x3  
  73  13:36  Drone x3  
  73  13:37  Drone x5  
  73  13:38  Drone x2  
  73  13:39  Zerg Missile Weapons Level 1  
  86  13:45  Queen  
  88  14:07  Hydralisk x2  
  90  14:11  Spore Crawler x2, Extractor  
  90  14:14  Spore Crawler  
  86  14:20  Drone x3  
  86  14:22  Drone x3  
  92  14:43  Drone x3  
  95  14:59  Overseer x2  
  95  15:00  Overseer  
  95  15:01  Overlord x2  
  95  15:02  Overlord x2  
  93  15:10  Drone x2  
  93  15:13  Hydralisk Den  
  90  15:21  Nydus Network  
  89  15:43  Hatchery  
  88  15:51  Spore Crawler  
  88  15:56  Hydralisk  
  87  15:57  Hydralisk x6  
  87  15:58  Hydralisk x5  
  110  16:07  Zerg Missile Weapons Level 2  
  75  16:39  Hydralisk  
  66  16:40  Hydralisk x5  
  66  16:41  Hydralisk x7  
  81  16:52  Spore Crawler  
  73  16:55  Spore Crawler  
  69  17:20  Hydralisk  
  63  17:34  Drone x3  
  65  17:59  Hatchery  
  64  18:19  Drone x3  
  67  18:36  Hatchery  
  67  18:38  Extractor  
  67  18:40  Drone  
  66  18:41  Extractor  
  67  19:15  Extractor  
  62  19:18  Extractor  
Show
View Real Time Build Order
Export as new Build Order

Swordecho Protoss 

Build Orders: Zealot Archon, Dark Templar Rush 

Get SALT Encoding   

  12  0:03  Probe (Chrono Boost)  
  13  0:13  Pylon  
  13  0:18  Probe (Chrono Boost)  
  14  0:35  Probe (Chrono Boost), Gateway  
  15  0:45  Probe (Chrono Boost)  
  16  0:50  Assimilator  
  16  0:56  Probe (Chrono Boost)  
  17  1:06  Probe (Chrono Boost)  
  17  1:07  Pylon  
  18  1:13  Forge  
  18  1:27  Cybernetics Core  
  18  1:52  Assimilator  
  18  1:54  Photon Cannon  
  18  2:00  Probe (Chrono Boost)  
  19  2:10  Pylon  
  19  2:12  Twilight Council, Pylon  
  19  2:16  Probe (Chrono Boost)  
  20  2:25  Warp Gate (Chrono Boost)  
  20  2:27  Probe  
  21  2:39  Probe  
  21  2:43  Gateway  
  22  3:00  Dark Shrine  
  22  3:07  Gateway  
  22  3:18  Gateway  
  22  3:24  Probe  
  23  3:48  Nexus  
  23  4:15  Dark Templar x2  
  23  4:16  Dark Templar  
  29  4:21  Dark Templar  
  31  4:32  Pylon  
  31  4:42  Pylon  
  31  4:45  Pylon  
  31  5:20  Photon Cannon  
  31  5:21  Photon Cannon  
  31  5:23  Probe, Photon Cannon  
  31  5:24  Photon Cannon  
  32  5:35  Probe (Chrono Boost)  
  33  5:41  Probe (Chrono Boost)  
  34  5:46  Probe (Chrono Boost)  
  35  5:53  Pylon  
  35  5:57  Probe (Chrono Boost)  
  30  6:53  Dark Templar x4  
  38  7:01  Archon x2  
  38  7:05  Gateway  
  36  7:12  Gateway  
  36  7:20  Nexus  
  36  7:21  Protoss Ground Weapons Level 1 (Chrono Boost)  
  36  7:27  Dark Templar  
  38  7:30  Dark Templar  
  40  7:38  Pylon  
  40  7:47  Dark Templar  
  42  7:51  Dark Templar  
Tags
 
Add a new tag
Caveats
  • Supply blocks, unpowered buildings, or Contaminate may cause inaccurate times.
  • Supply counts are checked every 10 seconds.